Map: Prion Terraces

Players

ivancype - Winner!

  • Race: Terran Terran
  • League: Diamond

LilDicky

  • Race: Terran Terran
  • League: Diamond

VOD

http://www.twitch.tv/tumescentpie

Description

Time

  • Played on: Dec. 1, 2015, 6:37 p.m.
  • Length: 16:30
Show
View Real Time Build Order
Export as new Build Order

ivancype Terran - Winner!

Build Orders: Bio Tank, Banshee Rush 

Get SALT Encoding   

  12  0:01  SCV  
  13  0:13  SCV  
  14  0:18  Supply Depot  
  14  0:25  SCV  
  15  0:30  Refinery  
  15  0:40  SCV  
  16  0:46  Barracks  
  16  0:53  SCV  
  17  1:05  SCV  
  18  1:17  SCV  
  19  1:29  SCV  
  20  1:34  Marine  
  20  1:35  Factory  
  21  1:40  Supply Depot  
  21  1:41  Orbital Command  
  21  1:52  Marine  
  22  2:15  SCV  
  23  2:22  Command Center, Hellion  
  25  2:24  Marine  
  25  2:27  SCV  
  27  2:36  Refinery  
  27  2:48  Hellion  
  29  2:52  SCV  
  29  2:56  Starport  
  31  3:07  SCV  
  31  3:10  Supply Depot  
  31  3:11  Barracks Reactor, Factory Tech Lab  
  31  3:31  SCV  
  31  3:33  Engineering Bay  
  32  3:38  Orbital Command  
  32  3:45  Banshee  
  32  3:47  Cloaking Field  
  35  3:49  SCV  
  35  3:52  Marine x2  
  35  3:55  Factory Tech Lab  
  38  3:59  Barracks  
  38  4:01  SCV  
  39  4:04  Missile Turret  
  39  4:05  Orbital Command  
  39  4:13  Marine x2  
  39  4:15  SCV  
  42  4:21  Missile Turret  
  42  4:28  SCV  
  42  4:30  Banshee  
  46  4:32  SCV  
  46  4:35  Missile Turret, Marine x2  
  49  4:40  SCV  
  49  4:44  SCV  
  51  4:46  Factory Tech Lab  
  49  5:01  Marine  
  49  5:02  Marine  
  50  5:14  SCV  
  50  5:19  Marine x2  
  53  5:22  Missile Turret  
  53  5:28  Supply Depot, Siege Tank  
  53  5:29  Supply Depot, SCV x2  
  53  5:31  Supply Depot  
  38  6:14  Marine x2  
  41  6:25  SCV x2  
  41  6:31  Siege Tank  
  41  6:32  Marine x2  
  46  6:33  Stimpack, Marine  
  47  6:44  Viking  
  47  6:51  Marine  
  47  6:54  Marine x2  
  48  6:56  SCV  
  48  7:00  Barracks  
  48  7:01  Barracks  
  51  7:07  Missile Turret  
  48  7:27  Marine x2  
  48  7:28  Siege Tank  
  53  7:30  SCV  
  53  7:34  Missile Turret, Marine  
  55  7:42  SCV x2  
  57  7:54  SCV  
  57  7:55  SCV  
  57  7:56  Command Center, Barracks Reactor, Refinery  
  57  7:57  Barracks Reactor  
  59  8:00  Siege Tank  
  59  8:01  Terran Infantry Weapons Level 1  
  62  8:06  SCV  
  62  8:07  SCV  
  62  8:12  Marine x2  
  66  8:14  Starport Reactor  
  66  8:18  SCV  
  66  8:28  Marine  
  66  8:30  Marine x2  
  66  8:32  Siege Tank  
  70  8:46  Marine x4  
  74  8:51  Marine x2  
  74  8:52  Combat Shields  
  76  9:04  Siege Tank, Refinery  
  76  9:05  Marine x2  
  76  9:09  Missile Turret  
  81  9:14  Missile Turret  
  81  9:24  Marine x2  
  81  9:25  Marine x5  
  81  9:27  Refinery  
  81  9:30  Missile Turret  
  81  9:31  Supply Depot  
  88  9:33  Supply Depot  
  88  9:35  SCV x2  
  88  9:38  Orbital Command  
  90  9:42  Missile Turret, Marine  
  90  9:45  Marine x5  
  94  9:47  SCV, Marine  
  94  9:49  Medivac  
  94  9:52  Medivac  
  102  9:54  Supply Depot  
  102  9:55  Terran Infantry Armor Level 1  
  102  9:57  Supply Depot, SCV  
  102  9:59  SCV  
  104  10:00  Marine  
  104  10:02  Marine  
  104  10:03  Siege Tank  
  109  10:09  SCV  
  109  10:10  Marine  
  109  10:11  Marine x4  
  109  10:13  SCV  
  116  10:21  SCV  
  116  10:22  SCV, Missile Turret  
  116  10:25  SCV  
  116  10:27  Refinery  
  119  10:29  Marine x3  
  119  10:30  Marine  
  123  10:40  Supply Depot  
  123  10:42  Armory  
  123  10:46  Marine x3  
  123  10:48  Supply Depot  
  126  10:53  Marine x4  
  126  10:55  Siege Tank  
  133  11:01  Medivac x2  
  137  11:15  Marine x3  
  137  11:16  Marine x3  
  143  11:21  Command Center, Engineering Bay  
  143  11:26  Supply Depot  
  143  11:34  Marine x5  
  143  11:35  Marine  
  149  11:48  Marine  
  146  12:16  Marine  
  147  12:26  Terran Infantry Weapons Level 2, Terran Vehicle Weapons Level 1  
  147  12:27  Terran Infantry Armor Level 2  
  147  12:29  Marine  
  148  12:30  Marine x4  
  148  12:31  Siege Tank  
  148  12:32  Medivac  
  148  12:33  Medivac  
  148  12:34  Marine  
  160  12:37  Supply Depot  
  160  12:40  Marine  
  161  12:47  Marine x2  
  161  12:50  Missile Turret x2  
  163  12:51  Missile Turret  
  163  12:52  Marine  
  163  12:53  Marine x2  
  163  12:57  Barracks  
  166  13:00  Marine x2  
  166  13:05  Marine  
  169  13:11  Marine x2  
  169  13:12  Siege Tank, Marine  
  175  13:17  Missile Turret x2  
  175  13:23  Planetary Fortress  
  175  13:26  Marine x2  
  175  13:27  Marine x2  
  177  13:29  Marine  
  177  13:38  Missile Turret  
  177  13:40  Missile Turret  
  177  13:41  Missile Turret x2  
  177  13:43  Missile Turret  
  177  13:49  Marine x3  
  180  13:58  Barracks Reactor  
  180  14:01  Missile Turret x2  
  180  14:08  Supply Depot  
  180  14:09  Marine x4  
  184  14:10  Marine x2  
  186  14:26  Factory  
  186  14:28  Marine x2  
  186  14:29  Siege Tank, Marine x4  
  186  14:30  Supply Depot  
  195  14:35  Refinery  
  195  14:38  Marine  
  195  14:44  Barracks x2  
  196  14:45  Barracks  
  196  14:50  Refinery  
  196  14:52  Supply Depot, Medivac x2  
  200  15:50  Barracks Reactor x3  
  200  15:51  Command Center  
  200  16:02  Marine  
  200  16:03  Marine  
Show
View Real Time Build Order
Export as new Build Order

LilDicky Terran 

Build Orders: Banshee Rush 

Get SALT Encoding   

  12  0:01  SCV  
  13  0:13  SCV  
  14  0:18  Supply Depot  
  14  0:25  SCV  
  15  0:37  Refinery  
  15  0:40  SCV  
  16  0:46  Barracks  
  16  0:52  SCV  
  17  1:04  SCV  
  18  1:16  SCV  
  20  1:33  Reaper  
  20  1:34  Supply Depot  
  20  1:35  Orbital Command  
  20  1:39  Refinery  
  20  2:01  Factory  
  20  2:04  Marine  
  20  2:05  SCV  
  22  2:12  Supply Depot  
  21  2:18  SCV  
  22  2:25  Marine  
  23  2:31  SCV  
  24  2:37  Supply Depot  
  24  2:46  Marine  
  24  2:49  Factory Tech Lab, Starport  
  24  2:53  SCV  
  25  3:04  Marine  
  26  3:17  SCV  
  27  3:21  Marine  
  27  3:22  Widow Mine  
  30  3:30  Cloaking Field, Engineering Bay  
  30  3:31  Banshee  
  33  3:39  Marine  
  34  3:47  SCV  
  35  3:55  Command Center  
  35  3:59  SCV  
  35  4:00  Factory Tech Lab  
  36  4:03  Marine  
  36  4:08  Missile Turret  
  37  4:14  Banshee, Supply Depot  
  40  4:23  Marine  
  41  4:31  Siege Tank  
  44  4:34  SCV  
  45  4:39  Supply Depot  
  45  4:41  Marine  
  46  4:46  SCV  
  47  4:58  SCV  
  47  4:59  Marine  
  49  5:11  Siege Tank  
  49  5:12  Banshee  
  52  5:16  Marine  
  52  5:19  Orbital Command  
  52  5:20  SCV  
  54  5:32  SCV  
  54  5:34  Marine  
  56  5:43  Siege Tank  
  57  6:02  Raven  
  57  6:10  Marine  
  51  6:19  Siege Tank  
  48  6:37  SCV  
  46  6:41  Marine  
  46  6:43  Orbital Command  
  46  6:45  Banshee  
  50  6:51  Siege Tank  
  53  6:58  Barracks, Marine  
  53  6:59  Barracks  
  53  7:00  Barracks  
  53  7:01  Barracks  
  54  7:02  Barracks  
  51  7:16  Marine  
  52  7:28  Viking  
  52  7:29  Siege Tank  
  57  7:34  Marine  
  58  7:39  Refinery  
  58  7:40  Refinery  
  58  7:42  SCV x2  
  60  7:46  Marine  
  60  7:47  Marine  
  60  7:48  Marine x2  
  60  7:49  Marine  
  65  8:04  SCV  
  66  8:10  Marine x2  
  68  8:18  Command Center  
  57  8:22  Marine  
  57  8:23  Marine x3  
  51  8:28  Marine x2  
  53  8:40  Marine  
  55  8:46  Marine x2  
  56  8:49  Barracks Tech Lab x2  
  56  8:50  Banshee  
  56  8:53  Siege Tank, Marine  
  61  9:04  Marine  
  61  9:06  Barracks Reactor  
  62  9:10  Stimpack  
  62  9:11  Combat Shields  
  62  9:13  Barracks Reactor  
  62  9:14  Barracks Reactor, Marine  
  62  9:15  Marine  
  62  9:17  Terran Infantry Weapons Level 1  
  63  9:22  Marine  
  64  9:24  Engineering Bay  
  64  9:25  Armory  
  64  9:28  Starport  
  64  9:32  Marine x2  
  64  9:33  Orbital Command  
  67  9:43  Orbital Command  
  66  9:51  Refinery, Marauder  
  66  9:52  Refinery, Marine x2  
  68  9:53  Marauder  
  68  9:57  SCV  
  68  9:59  Marine  
  74  10:01  Refinery  
  74  10:06  Starport Reactor  
  74  10:15  Supply Depot x2  
  74  10:17  Marine  
  74  10:18  Marine x3  
  78  10:31  Marine x2  
  80  10:38  Marine x2  
  80  10:39  Marine, Marauder x2  
  80  10:42  Banshee  
  90  10:46  Terran Infantry Armor Level 1  
  89  10:57  Marine  
  89  11:00  Viking  
  89  11:01  Viking, Marauder x2  
  98  11:06  Siege Tank  
  101  11:14  Marine x2  
  101  11:16  SCV  
  101  11:17  Marine  
  105  11:19  SCV  
  105  11:22  Marauder  
  105  11:24  SCV  
  109  11:35  Marine x3  
  109  11:36  SCV, Supply Depot, Marauder  
  109  11:39  Supply Depot  
  115  11:40  Supply Depot  
  115  11:42  Missile Turret  
  112  12:03  Marine  
  112  12:04  Marauder, Marine x3  
  112  12:05  Marauder  
  117  12:09  Marine  
  117  12:13  Siege Tank  
  114  12:18  Command Center, Missile Turret  
  114  12:23  Marine x3  
  114  12:26  Marauder x2  
  121  12:39  Marine  
  121  12:42  Medivac  
  121  12:43  Medivac x2  
  128  12:47  Marine, Marauder x2  
  128  12:48  Marine x5  
  128  12:49  Supply Depot  
  128  12:50  Terran Infantry Weapons Level 2  
  128  12:51  Terran Infantry Armor Level 2  
  138  12:54  Terran Vehicle And Ship Armor Level 1  
  138  13:03  Marine  
  139  13:05  Marine  
  139  13:09  Marauder  
  139  13:11  Marauder  
  143  13:12  Medivac  
  143  13:18  Supply Depot  
  143  13:19  Missile Turret  
  145  13:21  Marine  
  145  13:24  Marine  
  145  13:25  Supply Depot  
  147  13:30  Marauder  
  147  13:32  Marauder  
  137  13:40  Medivac x2  
  141  13:42  Medivac  
  143  13:51  Marauder  
  143  13:54  Marauder  
  147  13:57  Missile Turret  
  147  13:58  Refinery  
  147  14:07  Marine x3  
  147  14:09  Supply Depot  
  150  14:13  Marauder  
  150  14:14  Marine x2  
  150  14:15  Marauder  
  156  14:17  Missile Turret  
  146  14:28  Marine  
  127  14:34  Marauder  
  127  14:36  Marauder  
  131  14:39  Marine  
  132  14:47  Planetary Fortress  
  132  14:50  Siege Tank  
  132  14:51  Banshee  
  132  14:52  Medivac x2  
  140  14:55  Marauder  
  140  14:56  Marine x2  
  140  14:58  Marine x2, Marauder  
  140  14:59  Marine x3  
  132  15:17  Marauder  
  132  15:19  Marauder  
  131  15:24  Marine  
  131  15:25  Marine x6  
  131  15:27  SCV  
  130  15:38  Marine  
  130  15:40  Marine  
  130  15:42  Marine x3  
  133  15:45  Marine x2  
  133  15:46  SCV  
  138  15:56  Marauder  
  136  16:04  Command Center  
Tags
 
Add a new tag
Caveats
  • Supply blocks, unpowered buildings, or Contaminate may cause inaccurate times.
  • Supply counts are checked every 10 seconds.